 Dungeon Crawl Stone Soup version 0.31-a0-246-g8cbcc1cb85 (webtiles) character file.

Game seed: 16415075384067998120

98 Iniera the Sneak (level 4, 0/30 HPs)
             Began as a Vampire Venom Mage on July 13, 2023.
             Slain by a bat (1 damage)
             ... on level 3 of the Dungeon.
             The game lasted 00:01:55 (1420 turns).

Iniera the Sneak (Vampire Venom Mage)               Turns: 1420, Time: 00:01:56

Health: 0/30       AC:  4    Str:  7    XL:     4   Next: 44%
Magic:  4/7        EV: 12    Int: 19    God:
Gold:   61         SH:  0    Dex: 14    Spells: 6/7 levels left

rFire   . . .        i - +0 short sword (venom)
rCold   . . .        (no shield)
rNeg    . . .        a - +0 robe
rPois   .            f - +0 helmet
rElec   .            (no cloak)
rCorr   .            e - +0 pair of gloves
SInv    +            (no boots)
Will    .....        (no amulet)
Stlth   +++          (no ring)
HPRegen 0.45/turn    (no ring)
MPRegen 0.10/turn

%: no passive effects
@: healing quickly
A: alive, fangs 3, see invisible, vampiric 2
a: Exsanguinate


You were on level 3 of the Dungeon.
You visited 1 branch of the dungeon, and saw 3 of its levels.

You collected 61 gold pieces.

Inventory:

Hand Weapons
 c - a +0 dagger
 i - a +0 short sword of venom (weapon)
Armour
 a - a +0 robe (worn)
 e - a +0 pair of gloves (worn)
 f - a +0 helmet (worn)
Scrolls
 g - 3 scrolls of teleportation {unknown}
 h - a scroll of revelation {unknown}
 l - 3 scrolls of identify {unknown}
Potions
 b - a potion of magic
 d - a potion of curing {unknown}
 j - a potion of heal wounds {unknown}
 k - a potion of degeneration {unknown}


   Skills:
 + Level 2.2 Short Blades
 + Level 1.0 Armour
 - Level 2.1 Dodging
 * Level 5.9 Stealth
 - Level 2.0 Spellcasting
 - Level 1.1 Transmutations
 - Level 2.6 Poison Magic


You had 6 spell levels left.
You knew the following spells:

 Your Spells              Type           Power      Damage    Failure   Level
a - Sting                 Tmut/Pois      36%        1d4       8%          1

Your spell library contained the following spells:

 Spells                   Type           Power      Damage    Failure   Level
 Poisonous Vapours        Pois/Air       14%        N/A       14%         2
 Slow                     Hex            4%         N/A       17%         1
 Mephitic Cloud           Conj/Pois/Air  5%         N/A       34%         3
 Confusing Touch          Hex            1%         N/A       45%         3
 Vampiric Draining        Necr           1%         2d6       45%         3
 Olgreb's Toxic Radiance  Pois           12%        N/A       50%         4


Dungeon Overview and Level Annotations

Branches:
Dungeon (3/15)

Altars:

Shops:
D:2 (

Annotations:
D:3 Jessica


Innate Abilities, Weirdness & Mutations

Your natural rate of healing is accelerated.
You have razor-sharp teeth.
You have supernaturally acute eyesight. (SInv)
You are afflicted with vampirism and can become a bat while bloodless.


Message History

The sting hits the bat.
The bat is poisoned.
You kill the bat!
The adder hisses angrily.
The sting misses the bat.
The bat closely misses you. The bat closely misses you.
The adder barely misses you.
The sting misses the adder.
The bat hits you but does no damage. The adder bites you but does no damage.
The sting hits Terence.
Terence is poisoned.
Terence is lightly wounded.
The bat hits you but does no damage. Terence misses you.
The adder closely misses you.
You hit Terence.
Terence looks even sicker.
Terence is lightly wounded.
The bat hits you but does no damage.
Jessica the Apprentice Sorceress comes into view.
She is wielding a +0 dagger and carrying a wand of flame.
The adder misses you. Terence barely misses you.
Jessica shouts!
You hit Terence but do no damage.
Terence looks as sick as possible!
Terence is moderately wounded.
The bat closely misses you. The adder bites you. Terence barely misses you.
You barely miss Terence.
Terence is moderately wounded.
The adder barely misses you. The bat hits you.
Terence hits you with a +0 short sword! The adder bites you but does no damage.
The adder attacks as you move away! The adder bites you but does no damage.
Terence attacks as you move away! Terence hits you with a +0 short sword.
The bat barely misses you.
Jessica gestures wildly while chanting.
Jessica seems to speed up.
The bat attacks as you move away! The bat barely misses you.
The bat hits you but does no damage.
Jessica zaps a wand.
The puff of flame hits you. The adder bites you but does no damage.
The bat closely misses you. The bat hits you but does no damage.
You kill Terence!
The bat hits you but does no damage. The bat misses you.
Jessica zaps a wand.
The puff of flame hits you!
* * * LOW HITPOINT WARNING * * *
Your Armour skill increases to level 1!
The bat attacks as you move away! The bat hits you.
You die...

............# #..........#
#..@...†...# #..........#
#..........# #..........#
#### #....).....# ...#
#########b.S.......# .#.#
#.........@........#
.#.####..................#
.........................#
..####...†.........#######
..#................#
......#............#
#.#.#.#............#
..#.#....#.#########
###.##....>#


You could see an adder, Jessica (fast) and a bat.

Vanquished Creatures
  Terence (D:3)
  3 adders (D:2)
  A worm (D:2)
  A dart slug (D:1)
  4 ball pythons (D:1)
  3 endoplasms
  A giant cockroach (D:2)
  3 goblins
  4 hobgoblins
  4 kobolds
  3 quokkas
  6 bats
  A frilled lizard (D:2)
  6 rats
41 creatures vanquished.

Notes
Turn   | Place    | Note
-------+----------+-------------------------------------------
     0 | D:1      | Iniera the Vampire Venom Mage began the quest for the Orb.
     0 | D:1      | Reached XP level 1. HP: 13/13 MP: 3/3
   155 | D:1      | Found a faded altar of an unknown god.
   194 | D:1      | Reached skill level 4 in Stealth
   194 | D:1      | Reached XP level 2. HP: 19/19 MP: 1/5
   206 | D:1      | Reached skill level 1 in Short Blades
   668 | D:2      | Gained mutation: You are afflicted with vampirism and can
                  | become a bat while bloodless. [Vampire growth]
   668 | D:2      | Reached XP level 3. HP: 13/24 MP: 0/6
   825 | D:2      | Found Geil's Weapon Shop.
   896 | D:2      | Reached skill level 5 in Stealth
  1168 | D:2      | Reached XP level 4. HP: 27/30 MP: 2/7
  1405 | D:3      | Noticed Terence
  1412 | D:3      | Noticed Jessica
  1419 | D:3      | Killed Terence
  1419 | D:3      | HP: 1/30 [Jessica/puff of flame (10)]
  1420 | D:3      | Reached skill level 1 in Armour
  1420 | D:3      | Slain by a bat

Illustrated notes

Levels and vault maps discovered:
D:1:      lightli_arrival_maybe_door_vault, layout_rooms, basic_ecumenical_altar
D:2:      layout_rooms, serial_shops, shop
D:3:      layout_basic, kennysheep_vampire_church, serial_shops, shop,
          uniq_ijyb, uniq_terence, uniq_jessica

Skill      XL: |  1  2  3  4 |
---------------+-------------+-----
Stealth        | 4 5 |  5.9
Short Blades   | 1 2 |  2.2
Armour         | 1 |  1.0
Dodging        | |  2.1
Spellcasting   | |  2.0
Transmutations | |  1.1
Poison Magic   | |  2.6

Action                     |  1- 3 |  4- 6 || total
---------------------------+-------+-------++-------
  Melee: Dagger            |    55 |       ||    55
         Bite              |     6 |       ||     6
         Unarmed           |     2 |       ||     2
         Short sword       |    16 |     6 ||    22
         Punch             |     1 |       ||     1
   Cast: Sting             |    44 |     6 ||    50
   Stab: Distracted        |     1 |       ||     1
         Sleeping          |     2 |       ||     2
 Armour: Robe              |    35 |    11 ||    46
  Dodge: Dodged            |    66 |    19 ||    85

Table legend: (Time is in decaauts)
 A = Elapsed time spent in this place.
 B = Non-inter-level travel time spent in this place.
 C = Inter-level travel time spent in this place.
 D = Time resting spent in this place.
 E = Time spent auto-exploring this place.
 F = Levels seen in this place.
 G = Mean time per level.
                   A        B        C        D        E       F      G
               +--------+--------+--------+--------+--------+-----+--------+
         Total |   1413 |   1368 |     45 |      0 |   1036 |   3 |  471.0 |
       Dungeon |   1413 |   1368 |     45 |      0 |   1036 |   3 |  471.0 |
               +--------+--------+--------+--------+--------+-----+--------+

Top non-repeatable levels by time:
     D:2: 796 daAuts
     D:1: 559 daAuts
     D:3: 58 daAuts
